 Dungeon Crawl Stone Soup version 0.18-a0-1211-g828307d (webtiles) character file.

46 M4edhros the Charlatan (level 3, 0/23 HPs)
             Began as an Octopode Artificer on Feb 3, 2016.
             Slain by a centaur (7 damage)
             ... on level 4 of the Dungeon.
             The game lasted 00:01:34 (1083 turns).

M4edhros the Charlatan (Octopode Artificer)         Turns: 1083, Time: 00:01:34

Health: 0/23       AC:  1    Str: 10    XL:     3   Next: 66%
Magic:  5/5        EV: 13    Int: 15    God:
Gold:   103        SH:  0    Dex: 12    Spells: 0 memorised, 2 levels left

rFire  . . .     SeeInvis .     a - +0 short sword
rCold  . . .     Gourm    .     (no shield)
rNeg   . . .     Faith    .     (helmet restricted)
rPois  +         Spirit   .     (no amulet)
rElec  .         Dismiss  .     l - ring of poison resistance
rCorr  .         Reflect  .     (no ring)
SustAt .         Harm     .     (no ring)
MR     .....                    (no ring)
Stlth  +++.......               (no ring)
                                (no ring)
                                (no ring)
                                (no ring)

@: not resistant to hostile enchantments, fairly stealthy
A: almost no armour, amphibious, 8 rings, constrict 8, camouflage 1, gelatinous
body 1
a: no special abilities


You were on level 4 of the Dungeon.
You were hungry.

You visited 1 branch of the dungeon, and saw 4 of its levels.

You collected 103 gold pieces.

Inventory:

Hand Weapons
 a - a +0 short sword (weapon)
Missiles
 h - 17 sling bullets
 i - 64 stones (quivered)
Jewellery
 l - a ring of poison resistance (left tentacle)
Wands
 b - a wand of flame (15/48)
 c - a wand of enslavement (14/24)
 d - a wand of random effects (13/48)
Scrolls
 g - 2 scrolls of identify {unknown}
 n - a scroll of teleportation {unknown}
 o - 2 scrolls of remove curse {unknown}
 q - a scroll of immolation {unknown}
Potions
 e - a potion of heal wounds {unknown}
 m - 2 potions of magic {unknown}
 p - a potion of invisibility {unknown}
Comestibles
 f - a bread ration
 j - a meat ration
 k - a fruit


   Skills:
 - Level 1.0 Fighting
 - Level 1.0 Short Blades
 * Level 2.9 Dodging
 * Level 3.2 Stealth
 + Level 3.6 Evocations


You had 2 spell levels left.
You didn't know any spells.

Dungeon Overview and Level Annotations

Branches:
Dungeon (4/15)
 Temple: D:4-7

Altars:
Dithmenos
Nemelex Xobeh

Annotations:
D:4 Robin


Innate Abilities, Weirdness & Mutations

You cannot wear most types of armour.
You are amphibious.
You can wear up to eight rings at the same time.
You can use your tentacles to constrict eight enemies at once.
Your skin changes colour to match your surroundings (Stealth).
Your rubbery body absorbs attacks (AC +1).


Message History

You constrict the scorpion, but do no damage.
The scorpion stings you.
You are feeling hungry.
You hit the scorpion.
The scorpion is moderately wounded.
You constrict the scorpion, but do no damage.
The scorpion stings you!
You hit the scorpion.
The scorpion is moderately wounded.
You constrict the scorpion, but do no damage.
The scorpion stings you.
* * * LOW HITPOINT WARNING * * *
Evoke which item? (* to show all) (? for menu, Esc to quit)
Zapping:
d - a wand of random effects (14/48)
Press: ? - help, Shift-Dir - straight line, f/p - scorpion
Aim: a scorpion (moderately wounded, constricted by you)
You lose your grip on the centaur.
The scorpion evaporates and reforms as a centaur!
This wand has 13 charges left.
The centaur hits you!
You die...

#.# #.........#......
#.# #.##g#######.####
#.# #.##.# .#
#.###.##g# #+##
#........# #...#
#####.#### #.....
##..## #......
#####....####.......
.......#)..@c'.......
######.....###.....%.
###.#.# #...... ###.#
#..... #.# #...# #.#
#+## ..# ###


You could see a centaur.

Vanquished Creatures
  2 adders
  A giant gecko (D:4)
  A ball python (D:3)
  A giant cockroach (D:1)
  4 goblins
  4 hobgoblins
  5 bats
  4 giant newts
  4 kobolds
  2 rats
28 creatures vanquished.

Notes
Turn   | Place    | Note
--------------------------------------------------------------
     0 | D:1      | M4edhros the Octopode Artificer began the quest for the Orb.
     0 | D:1      | Reached XP level 1. HP: 13/13 MP: 3/3
   347 | D:1      | Reached XP level 2. HP: 13/18 MP: 4/4
   398 | D:2      | Found a shadowy altar of Dithmenos.
   503 | D:3      | Reached XP level 3. HP: 11/23 MP: 5/5
   747 | D:3      | Found a sparkling altar of Nemelex Xobeh.
   876 | D:4      | Noticed Robin
  1074 | D:4      | Noticed a scorpion
  1083 | D:4      | Noticed a centaur
  1083 | D:4      | a scorpion changed into a centaur
  1083 | D:4      | Slain by a centaur

Vault maps used:
D:1:      roderic_crossed_star, st_stairs_1
D:2:      tso_oasis_becter, grunt_dithmenos_smoke, lemuel_crystal_altar
D:3:      nemelex_xobeh_ov_fountains_minmay, serial_park_tiny_pond
D:4:      gammafunk_pakellas_statue_experiment, uniq_robin

Action                   || total
-------------------------++-------
Melee: Short sword       ||    53
Evoke: Wand              ||     3
 Stab: Sleeping          ||     5
